 Dungeon Crawl Stone Soup version 0.20.1-1-g8b1a95d (webtiles) character file.

93 n3rD20 the Slasher (level 4, -1/40 HPs)
             Began as a Draconian Berserker on Oct 30, 2017.
             Was a Believer of Trog.
             Slain by Linguinho's ghost (8 damage)
             ... on level 3 of the Dungeon.
             The game lasted 00:22:48 (2326 turns).

n3rD20 the Slasher (Draconian Berserker)            Turns: 2326, Time: 00:22:48

Health: -1/40      AC:  7    Str: 21    XL:     4   Next: 37%
Magic:  4/4        EV: 12    Int:  7    God:    Trog [**....]
Gold:   80         SH:  3    Dex: 12    Spells: 3/3 levels left

rFire    . . .     SeeInvis .   B - +1 spear (venom)
rCold    . . .     Gourm    .   d - +0 buckler (curse)
rNeg     . . .     Faith    .   (armour unavailable)
rPois    .         Spirit   .   (helmet restricted)
rElec    .         Reflect  .   (no cloak)
rCorr    .         Harm     .   t - +1 pair of gloves
MR       .....                  (no boots)
Stlth    +.........             (no amulet)
Regen    0.2/turn               (no ring)
MPRegen  0.1/turn               (no ring)

@: no status effects
A: unfitting armour, strong 1, cold-blooded, AC +5
a: Berserk, Trog's Hand, Burn Spellbooks, Renounce Religion


You were on level 3 of the Dungeon.
You worshipped Trog.
Trog was pleased with you.
You were not hungry.

You visited 1 branch of the dungeon, and saw 3 of its levels.

You collected 80 gold pieces.

Inventory:

Hand Weapons
 a - a +0 falchion
 f - a +0 hand axe
 o - a +2 mace of holy wrath
 p - a +0 dagger
 r - a +0 dagger
 u - a +0 short sword
 v - a +0 hand axe
 x - a +0 hand axe
 B - a +1 spear of venom (weapon)
 D - a +0 dagger
 E - a +0 whip
 F - a +0 spear
Missiles
 e - 46 arrows
 l - 23 stones (quivered)
 q - 3 tomahawks
Armour
 c - a +0 robe
 d - a cursed +0 buckler (worn)
 h - a +0 leather armour
 i - a +0 robe
 t - a +1 pair of gloves (worn)
 A - a +0 pair of gloves
Scrolls
 j - 2 scrolls of teleportation
 z - a scroll of amnesia
Potions
 n - 2 potions of flight
 C - a potion of curing
Comestibles
 b - 4 bread rations
 g - 3 fruits
 k - 2 meat rations


   Skills:
 + Level 3.8 Fighting
 + Level 3.8 Long Blades
 + Level 1.4 Maces & Flails
 + Level 0.2 Polearms
 + Level 3.4 Dodging
 + Level 0.2 Stealth


You had 3 spell levels left.
You didn't know any spells.

Dungeon Overview and Level Annotations

Branches:
Dungeon (3/15)

Altars:

Annotations:
D:3 Linguinho's ghost, amateur DsAs


Innate Abilities, Weirdness & Mutations

Your plain brown scales are hard. (AC +5)
You cannot fit into any form of body armour.
You are cold-blooded and may be slowed by cold attacks.
Your muscles are strong. (Str +2)


Message History

Trog accepts your kill. Linguinho's ghost barely misses you.
Linguinho's ghost closely misses you.
You see here a worm corpse.
Linguinho's ghost hits you!
* * * LOW HITPOINT WARNING * * *
Found 6 javelins.
You puncture Linguinho's ghost!
Linguinho's ghost is heavily damaged.
Linguinho's ghost hits you.
* * * LOW HITPOINT WARNING * * *
Linguinho's ghost closely misses you.
You hit Linguinho's ghost.
Linguinho's ghost is heavily damaged.
Linguinho's ghost hits you.
* * * LOW HITPOINT WARNING * * *
You hit Linguinho's ghost but do no damage.
Linguinho's ghost is heavily damaged.
Linguinho's ghost hits you!
You die...

#....(... #......... .....
#....)... >...
#.......####..####
#................
#.........##..#.#
#.........##..#.#
#.....W@........#
#......†......#.# #.#
###...†)...###.##.# #.# #
#.....)...####....# #.#..
#.#..........#..#.####.#..
# ##.####.###.............
... #.# #......###.#..
#### #.###.#...........
#..............# .


You could see Linguinho's ghost.

Vanquished Creatures
  3 adders
  A worm (D:3)
  3 dart slugs (D:1)
  9 bats
  7 giant cockroaches
  6 goblins
  7 hobgoblins
  5 jackals
  5 frilled lizards (D:1)
  6 kobolds
  3 rats (D:1)
55 creatures vanquished.

Notes
Turn   | Place    | Note
-------+----------+-------------------------------------------
     0 | D:1      | n3rD20 the Draconian Berserker began the quest for the Orb.
     0 | D:1      | Reached XP level 1. HP: 19/19 MP: 1/1
   178 | D:1      | Reached XP level 2. HP: 13/26 MP: 2/2
   667 | D:1      | Gained mutation: You have an increased reservoir of magic. (+10% MP) [potion of mutation]
   667 | D:1      | Lost mutation: You have an increased reservoir of magic. (+10% MP) [potion of mutation]
   667 | D:1      | Gained mutation: Your muscles are strong. (Str +2) [potion of mutation]
   703 | D:1      | Reached ** piety under Trog
   718 | D:1      | Reached XP level 3. HP: 31/31 MP: 3/3
  1720 | D:2      | Paralysed by fainting for 10 turns
  1837 | D:2      | Reached skill level 1 in Maces & Flails
  1983 | D:2      | Reached XP level 4. HP: 39/40 MP: 4/4
  2296 | D:3      | Noticed Linguinho's ghost (amateur DsAs)
  2326 | D:3      | Slain by Linguinho's ghost

Skill      XL: |  1  2  3 |
---------------+----------+-----
Dodging        | 3 |  3.4
Maces & Flails | 1 |  1.4
Fighting       | |  3.8
Long Blades    | |  3.8
Polearms       | |  0.2
Stealth        | |  0.2

Action                   |  1- 3 |  4- 6 || total
-------------------------+-------+-------++-------
Melee: Falchion          |    36 |       ||    36
       Tailslap          |    17 |     4 ||    21
       Mace              |    67 |       ||    67
       Spear             |    13 |    29 ||    42
  Use: Scroll            |     8 |     1 ||     9
       Potion            |     6 |       ||     6
 Stab: Sleeping          |     1 |       ||     1
  Eat: Meat ration       |     1 |       ||     1
Armor: Skin              |    63 |    15 ||    78
Dodge: Dodged            |   128 |    28 ||   156
Block: Buckler           |       |    12 ||    12
       Rpst.: Falchion   |    14 |       ||    14
